 Dungeon Crawl Stone Soup version 0.20-a0-1116-gaa52201 (webtiles) character file.

499 Infinimo the Chopper (level 6, -7/51 HPs)
             Began as a Centaur Fighter on May 8, 2017.
             Mangled by an orc warrior
             ... wielding a +0 battleaxe
              (24 damage)
             ... on level 3 of the Dungeon.
             The game lasted 00:10:31 (4747 turns).

Infinimo the Chopper (Centaur Fighter)              Turns: 4747, Time: 00:10:31

Health: -7/51      AC:  3    Str: 24 (25) XL:     6   Next: 94%
Magic:  6/6        EV:  7    Int:  6 (7)  God:
Gold:   132        SH:  9    Dex:  7 (9)  Spells: 5/5 levels left

rFire    . . .     SeeInvis .   a - +1 war axe
rCold    . . .     Gourm    +   c - +1 shield
rNeg     . . .     Faith    .   (no armour)
rPois    .         Spirit   .   (no helmet)
rElec    .         Reflect  .   (no cloak)
rCorr    .         Harm     .   (no gloves)
MR       .....                  (no barding)
Stlth    +.........             o - amulet of the gourmand
Regen    0.2/turn               (no ring)
MPRegen  0.1/turn               (no ring)

@: mighty, very quick
A: hooves 3, deformed body, speed 2, tough skin 3
a: no special abilities


You were on level 3 of the Dungeon.
You were not hungry.

You visited 1 branch of the dungeon, and saw 4 of its levels.
You also visited: Ossuary.

You collected 132 gold pieces.

Inventory:

Hand Weapons
 a - a +1 war axe (weapon)
Armour
 c - a +1 shield (worn)
Jewellery
 b - a +4 ring of protection {unknown}
 g - a +5 ring of evasion {unknown}
 o - an amulet of the gourmand (around neck)
Scrolls
 e - a scroll of random uselessness {unknown}
 i - 3 scrolls of teleportation
 m - 4 scrolls of identify {unknown}
Potions
 d - a potion of haste {unknown}
 h - 2 potions of mutation {unknown}
 j - 4 potions of heal wounds {unknown}
 k - 3 potions of ambrosia
 r - a potion of invisibility {unknown}
 s - 2 potions of curing
Comestibles
 f - 4 bread rations
 l - 2 meat rations


   Skills:
 - Level 3.0 Fighting
 + Level 6.9 Axes
 - Level 2.1 Armour
 - Level 2.1 Shields


You had 5 spell levels left.
You didn't know any spells.

Dungeon Overview and Level Annotations

Branches:
Dungeon (4/15)
 Temple: D:4-7

Altars:
Fedhas
Sif Muna

Annotations:
D:4 Pikel


Innate Abilities, Weirdness & Mutations

You have hooves in place of feet.
Armour fits poorly on your strangely shaped body.
You cover ground very quickly.
You have extremely tough skin. (AC +3)


Message History

You block the orc's attack.
You kill the orc!
No target in view!
You start resting.
You see here a club.
You feel very mighty all of a sudden.
The orc warrior hits you with a battleaxe.
You block the orc warrior's attack. You block the orc warrior's attack.
The orc warrior hits you with a battleaxe!!
* * * LOW HITPOINT WARNING * * *
You block the orc warrior's attack.
The orc warrior hits you with a battleaxe!
* * * LOW HITPOINT WARNING * * *
It was a potion of curing.
You feel better.
Your shield prevents you from hitting the orc warrior.
You kick the orc warrior.
The orc warrior is lightly wounded.
The orc warrior hits you with a battleaxe!!
You die...

#...# ######### #...# #####
## ...#.#############
...#.............#
...#####....####.#
.........##.# #o#
............# #@# ###
###...).....# #.#######.# #
#........#####)#.......#
###........#.....#.#####.###
...o.......#.###)..........#
.#.........#.###.##.##...#.#
##.#########.....>.......#.#
...# #####....#...##.#####
##.# #......#.#....#...#


You could see an orc warrior.

Vanquished Creatures
  An ogre (D:4)
  2 centaur zombies (Ossuary)
  A hound (D:4)
  An orc wizard (D:4)
  Jessica (D:3)
  A big kobold zombie (Ossuary)
  A hound zombie (D:3)
  5 mummies (Ossuary)
  8 adders
  3 gnolls (D:2)
  An ooze (D:4)
  A worm (D:2)
  A dart slug (D:2)
  4 leopard geckos
  5 orcs (D:3)
  2 giant cockroaches (D:2)
  7 goblins
  4 hobgoblins
  5 jackals
  2 kobolds (D:3)
  4 bats
  6 frilled lizards
  A hobgoblin zombie (Ossuary)
  A quokka skeleton (D:4)
  6 rats
74 creatures vanquished.

Notes
Turn   | Place    | Note
-------+----------+-------------------------------------------
     0 | D:1      | Infinimo the Centaur Fighter began the quest for the Orb.
     0 | D:1      | Reached XP level 1. HP: 19/19 MP: 1/1
   239 | D:1      | Reached skill level 2 in Axes
   426 | D:1      | Reached XP level 2. HP: 25/26 MP: 2/2
   897 | D:2      | Reached skill level 3 in Axes
   919 | D:2      | Reached XP level 3. HP: 23/31 MP: 3/3
  1843 | D:2      | Reached skill level 4 in Axes
  1843 | D:2      | Reached XP level 4. HP: 34/38 MP: 4/4
  2016 | D:2      | You fall through a shaft!
  2151 | D:3      | Noticed Jessica
  2166 | D:3      | Killed Jessica
  2167 | D:3      | Reached XP level 5. HP: 23/45 MP: 5/5
  2454 | D:3      | Reached skill level 5 in Axes
  2769 | D:4      | Found a deep blue altar of Sif Muna.
  3186 | D:4      | Noticed an ogre
  3333 | D:4      | Noticed a slave
  3334 | D:4      | Noticed Pikel
  3334 | D:4      | Noticed a slave
  3334 | D:4      | Noticed a slave
  3335 | D:4      | Noticed a slave
  3346 | D:4      | Found a blossoming altar of Fedhas.
  3528 | D:4      | Found a sand-covered staircase.
  3537 | Ossuary  | Entered an ossuary
  3554 | Ossuary  | Reached XP level 6. HP: 47/51 MP: 6/6
  3712 | Ossuary  | Reached skill level 6 in Axes
  4677 | D:3      | Noticed an orc warrior
  4747 | D:3      | Mangled by an orc warrior

Vault maps used:
D:1:      shiori_arrival_oz
D:2:      first_bread, amethyst_killhole
D:3:      uniq_jessica
D:4:      overflow_temple_1_default, fedhas_altar_2,
          nicolae_ossuary_entry_ruins, serial_shops,
          nicolae_shop_overgrown_old_shop, uniq_pikel
Ossuary:  ossuary_the_hunt_dpeg

Skill      XL: |  1  2  3  4  5  6 |
---------------+-------------------+-----
Axes           | 2 3 4 5 6 |  6.9
Fighting       | |  3.0
Armour         | |  2.1
Shields        | |  2.1

Action                   |  1- 3 |  4- 6 || total
-------------------------+-------+-------++-------
Melee: War axe           |    93 |   157 ||   250
       Kick              |    14 |    25 ||    39
  Use: Scroll            |     6 |     2 ||     8
       Potion            |       |     8 ||     8
  Eat: Chunk             |     1 |    11 ||    12
Armor: Scale mail        |    39 |       ||    39
       Skin              |     1 |    44 ||    45
Dodge: Dodged            |    21 |    46 ||    67
Block: Shield            |    39 |    84 ||   123
